 Dungeon Crawl Stone Soup version 0.31-a0-795-g5eb97db20b (webtiles) character file.

Game seed: 8529819406852770958

42 senseless the Insei (level 3, 0/24 HPs)
             Began as an Octopode Shapeshifter on Sept 18, 2023.
             Slain by a gnoll
             ... wielding a +0 spear
              (4 damage)
             ... on level 2 of the Dungeon.
             The game lasted 00:02:31 (878 turns).

senseless the Insei (Octopode Shapeshifter)          Turns: 878, Time: 00:02:32

Health: 0/24       AC:  1    Str: 13    XL:     3   Next: 54%
Magic:  3/3        EV: 13    Int: 12    God:
Gold:   116        SH:  0    Dex: 13    Spells: 2/2 levels left

rFire   . . .        b - +1 short sword (vamp)
rCold   . . .        (no shield)
rNeg    . . .        (helmet currently unavailable)
rPois   .            (no amulet)
rElec   .            i - ring of see invisible
rCorr   .            (no ring)
SInv    +            (no ring)
Will    .....        (no ring)
Stlth   +++          (no ring)
HPRegen 0.24/turn    (no ring)
MPRegen 0.08/turn    (no ring)
                     (no ring)

%: no passive effects
@: beast-form
A: beast (slay +1), almost no armour, amphibious, 8 rings, camouflage 1,
gelatinous body 1, (nimble swimmer 1), tentacles
a: Begin Untransformation


You were on level 2 of the Dungeon.
You were a hulking beast.
You visited 1 branch of the dungeon, and saw 2 of its levels.

You collected 116 gold pieces.

Inventory:

Hand Weapons
 a - a +1 dagger of flaming
 b - a +1 vampiric short sword (weapon)
Jewellery
 i - a ring of see invisible (left tentacle)
Talismans
 c - a flux talisman
 e - a beast talisman (active)
Scrolls
 d - 2 scrolls of identify {unknown}
 h - a scroll of amnesia {unknown}
 j - a scroll of teleportation {unknown}
 k - a scroll of fear {unknown}
Potions
 f - a potion of brilliance {unknown}
 g - a potion of lignification
 l - a potion of attraction {unknown}


   Skills:
 + Level 1.7 Fighting
 + Level 2.4 Dodging
 + Level 1.8 Stealth
 + Level 3.3 Unarmed Combat
 + Level 3.2 Shapeshifting


You had 2 spell levels left.
You didn't know any spells.
Your spell library was empty.

Dungeon Overview and Level Annotations

Branches:
Dungeon (2/15)

Altars:


Innate Abilities, Weirdness & Mutations

You are a hulking beast.
Your limbs bulge with bestial killing power. (Slay +1)
You cannot wear most types of armour.
You are amphibious.
You can wear up to eight rings at the same time.
Your skin changes colour to match your surroundings (Stealth+).
Your rubbery body absorbs attacks. (AC +1, EV +1)
((You are camouflaged when in or above water. (Stealth+)))
You have tentacles for arms and can constrict up to eight enemies at once.


Message History

There is an open door here.
There is an open door here.
There is a stone staircase leading down here.
You climb downwards.
Found an emerald potion, 2 gold pieces and a scale mail.
There is a stone staircase leading up here.
You now have 95 gold pieces (gained 2).
l - an emerald potion
Found a hand axe.
Found a whip.
You now have 110 gold pieces (gained 15).
You now have 116 gold pieces (gained 6).
d - 2 scrolls labelled UPTYELE LUURES (gained 1)
A gnoll comes into view. It is wielding a +0 spear.
Your +1 dagger of flaming stops flaming.
You feel a sense of dread.
b - a +1 vampiric short sword (weapon)
A gnoll comes into view. It is wielding a +0 spear.
The gnoll barely misses you.
A gnoll comes into view. It is wielding a +2 mace of protection.
The gnoll barely misses you.
The gnoll shouts!
You hit the gnoll. You grab the gnoll.
The gnoll is lightly wounded.
You constrict the gnoll. The gnoll hits you but does no damage.
You hit the gnoll.
The gnoll is heavily wounded.
You constrict the gnoll. The gnoll barely misses you.
You hit the gnoll. You squeeze the gnoll.
You kill the gnoll!
The gnoll hits you from afar with a +0 spear.
The gnoll barely misses you.
You hit the gnoll but do no damage. Your grab misses the gnoll.
Your squeeze misses the gnoll.
The gnoll hits you from afar with a +0 spear.
The gnoll hits you with a +2 mace of protection!
Ouch! That really hurt!
* * * LOW HITPOINT WARNING * * *
The gnoll hits you with a +0 spear.
You die...

#.............#.##
##.........#.#..# #
#............... #.
##.##...###..... #.#
#.#..#.# #.#... #..##
#...##.....#...
#...####..#####......
#####.).....# ##.....
#.....hg###.# #......
#.....g..##..#
..##...
#........###...
#........# #.##
........... ..
.#.......... ..#
#.........##
#.......#..


You could see 2 gnolls.

Vanquished Creatures
  A gnoll (D:2)
  4 bats (D:1)
  2 endoplasms (D:1)
  A giant cockroach (D:1)
  6 goblins (D:1)
  3 hobgoblins (D:1)
  A quokka (D:1)
  3 ball pythons (D:1)
  2 frilled lizards (D:1)
  3 kobolds (D:1)
  4 rats (D:1)
30 creatures vanquished.

Notes
Turn   | Place    | Note
-------+----------+-------------------------------------------
     0 | D:1      | senseless the Octopode Shapeshifter began the quest for the
                  | Orb.
     0 | D:1      | Reached XP level 1. HP: 13/13 MP: 1/1
    93 | D:1      | Reached XP level 2. HP: 18/18 MP: 2/2
   126 | D:1      | Reached skill level 1 in Stealth
   457 | D:1      | Reached XP level 3. HP: 23/23 MP: 3/3
   878 | D:2      | Slain by a gnoll

Illustrated notes

Levels and vault maps discovered:
D:1:      dpeg_arrival_tiny_k, layout_loops_corners, minmay_tiny_reverse_x
D:2:      layout_rooms

Skill      XL: |  1  2 |
---------------+-------+-----
Stealth        | 1 |  1.8
Fighting       | |  1.7
Dodging        | |  2.4
Unarmed Combat | |  3.3
Shapeshifting  | |  3.2

Action                     || total
---------------------------++-------
  Melee: Unarmed           ||    18
         Constrict         ||     8
         Tentacles         ||     5
         Short sword       ||    24
   Stab: Sleeping          ||     9
 Armour: Skin              ||    14
  Dodge: Dodged            ||    20

Table legend: (Time is in decaauts)
 A = Elapsed time spent in this place.
 B = Non-inter-level travel time spent in this place.
 C = Inter-level travel time spent in this place.
 D = Time resting spent in this place.
 E = Time spent auto-exploring this place.
 F = Levels seen in this place.
 G = Mean time per level.
                   A        B        C        D        E       F      G
               +--------+--------+--------+--------+--------+-----+--------+
         Total |    874 |    838 |     36 |      0 |    679 |   2 |  437.0 |
       Dungeon |    874 |    838 |     36 |      0 |    679 |   2 |  437.0 |
               +--------+--------+--------+--------+--------+-----+--------+

Top non-repeatable levels by time:
     D:1: 805 daAuts
     D:2: 69 daAuts
